 Dungeon Crawl Stone Soup version 0.28.0-53-g5a82cb258f (webtiles) character file.

Game seed: 1945439837275846189

50038 quokkamancerX the Warrior (level 14, 0/169 HPs)
             Began as an Ogre Ice Elementalist on June 15, 2022.
             Was an Initiate of Gozag.
             Slain by an ice devil (1 damage)
             ... on level 6 of the Lair of Beasts.
             The game lasted 01:45:58 (34428 turns).

quokkamancerX the Warrior (Ogre Ice Elementalist)  Turns: 34428, Time: 01:45:59

Health: 0/169      AC: 19    Str: 15    XL:     14   Next: 53%
Magic:  26/39      EV:  8    Int: 20    God:    Gozag
Gold:   3626       SH:  8    Dex:  9    Spells: 21/37 levels left

rFire   . . .      SeeInvis .   B - +6 trident
rCold   . . .      Faith    .   A - +0 kite shield
rNeg    . . .      Spirit   .   I - +2 robe {Archmagi}
rPois   .          Reflect  .   (helmet restricted)
rElec   .          Harm     .   H - +2 cloak
rCorr   .          Rampage  .   (gloves unavailable)
Will    +....      Archmagi +   (boots unavailable)
Stlth   +.........              b - amulet of the acrobat
HPRegen 0.38/turn               a - ring of magical power
MPRegen 0.26/turn               u - ring of wizardry

@: ice-armoured
A: large, unfitting armour, tough skin 1
a: Renounce Religion, Potion Petition, Call Merchant, Bribe Branch


You were on level 6 of the Lair of Beasts.
You worshipped Gozag.
Gozag was most pleased with you.
You visited 3 branches of the dungeon, and saw 18 of its levels.

You collected 4061 gold pieces.
You paid 435 gold pieces to Gozag.

Inventory:

Hand Weapons
 B - a +6 trident (weapon)
Missiles
 D - 7 curare-tipped darts
 K - 4 throwing nets
Armour
 A - a +0 kite shield (worn)
 H - a +2 cloak (worn)
 I - a +2 robe of the Archmagi (worn)
Jewellery
 a - a ring of magical power (left hand)
 b - an amulet of the acrobat (around neck)
 u - a ring of wizardry (right hand)
 F - a ring of willpower
Wands
 m - a wand of polymorph (6)
 r - a wand of flame (15)
 y - a wand of charming (16)
 C - a wand of iceblast (17)
 E - a wand of mindburst (10)
 M - a wand of acid (3)
 N - a wand of paralysis (19)
Scrolls
 c - 2 scrolls of blinking
 f - 3 scrolls of fear
 g - a scroll of fog
 i - a scroll of identify
 o - 4 scrolls of amnesia
 q - 2 scrolls of magic mapping
 s - 6 scrolls of teleportation
 v - 3 scrolls of immolation
 w - 5 scrolls of enchant weapon
 W - a scroll of enchant armour
Potions
 d - 2 potions of lignification {unknown}
 h - 3 potions of brilliance {unknown}
 j - a potion of might {unknown}
 k - 12 potions of curing
 l - a potion of cancellation {unknown}
 n - 2 potions of magic
 p - 3 potions of flight
 t - a potion of ambrosia {unknown}
 x - 2 potions of attraction {unknown}
 z - a potion of heal wounds {unknown}
 J - a potion of resistance {unknown}
 L - 4 potions of haste {unknown}
 O - a potion of mutation {unknown}


   Skills:
 - Level 18.0 Fighting
 - Level 1.7 Dodging
 - Level 1.4 Stealth
 - Level 6.0 Shields
 - Level 12.0 Spellcasting
 - Level 9.0 Conjurations
 + Level 13.1 Ice Magic


You had 21 spell levels left.
You knew the following spells:

 Your Spells              Type           Power      Damage    Failure   Level
a - Freeze                Ice            100%       1d11      1%          1
b - Hailstorm             Conj/Ice       71%        3d15      1%          4
c - Freezing Cloud        Conj/Ice/Air   29%        6-21      6%          5
f - Ozocubu's Armour      Ice            77%        N/A       1%          3
g - Frozen Ramparts       Ice            100%       1d12      1%          3

Your spell library contained the following spells:

 Spells                   Type           Power      Damage    Failure   Level
 Ensorcelled Hibernation  Hex/Ice        100%       N/A       1%          2
 Static Discharge         Conj/Air       45%        N/A       1%          2
 Dazzling Flash           Conj/Hex       90%        N/A       2%          3
 Summon Small Mammal      Summ           72%        N/A       4%          1
 Corpse Rot               Necr/Air       36%        N/A       8%          2
 Passwall                 Tmut/Erth      15%        N/A       8%          2
 Poisonous Vapours        Pois/Air       36%        N/A       8%          2
 Sticky Flame             Conj/Fire      45%        2d6       8%          4
 Call Canine Familiar     Summ           18%        N/A       14%         3
 Portal Projectile        Hex/Tloc       36%        N/A       14%         3
 Summon Guardian Golem    Hex/Summ       18%        N/A       14%         3
 Swiftness                Air            18%        N/A       14%         3
 Dispel Undead            Necr           18%        3d11      41%         4
 Leda's Liquefaction      Hex/Erth       9%         N/A       41%         4
 Simulacrum               Ice/Necr       27%        N/A       43%         6
 Agony                    Necr           18%        N/A       75%         5
 Alistair's Intoxication  Tmut/Pois      12%        N/A       75%         5
 Blade Hands              Tmut           9%         N/A       75%         5
 Borgnjor's Vile Clutch   Necr/Erth      9%         N/A       75%         5
 Excruciating Wounds      Necr           9%         N/A       75%         5
 Silence                  Hex/Air        9%         N/A       75%         5
 Summon Forest            Summ/Tloc      9%         N/A       75%         5
 Summon Mana Viper        Hex/Summ       18%        N/A       75%         5
 Eringya's Noxious Bog    Tmut/Pois      9%         N/A       99%         6
 Summon Cactus Giant      Summ           9%         N/A       99%         6
 Polar Vortex             Ice            38%        N/A       100%        9


Dungeon Overview and Level Annotations

Branches:
Dungeon (11/15)            Temple (1/1) D:7            Lair (6/6) D:11
 Shoals (0/4) Lair:2        Snake (0/4) Lair:4
  Slime: Lair:5-6       Orc: D:9-12

Altars:
Ashenzari
Cheibriados
Dithmenos
Elyvilon
Fedhas
Gozag
Hepliaklqana
Kikubaaqudgha
Makhleb
Nemelex Xobeh
Okawaru
Qazlal
Ru
Sif Muna
Trog
Uskayaw
Vehumet
Wu Jian
Xom
Yredelemnul
Zin
The Shining One

Annotations:
D:9 exclusion: kobold demonologist
Lair:6 exclusion: oklob plant


Innate Abilities, Weirdness & Mutations

You are too large for most types of armour.
You have tough skin. (AC +1)


Message History

The ice devil hits you but does no damage. x2
Your dream sheep bites the ice devil but does no damage. x2
Your water moccasin bites the ice devil but does no damage.
The ice devil hits you but does no damage.
The ice devil hits you! The ice devil freezes you!!
As the sheep sparkle and sway, the ice devil falls asleep.
Your dream sheep bites the ice devil.
Reach: B) +6 trident
Press: ? - help, Dir - move target, f/p - ice devil
Aim: an ice devil (lightly wounded, asleep, ally target, about 2% to evade your +6 trident)
The helpless ice devil fails to defend itself.
You hit the ice devil.
The ice devil is moderately wounded.
Your water moccasin bites the ice devil.
The ice devil hits you!
* * * LOW HITPOINT WARNING * * *
The ice devil freezes you!!
* * * LOW HITPOINT WARNING * * *
The ice devil barely misses you.
Your water moccasin completely misses the ice devil.
Your dream sheep barely misses the ice devil.
Your dream sheep bites the ice devil.
Reach: B) +6 trident
Press: ? - help, Dir - move target, f/p - ice devil
Aim: an ice devil (moderately wounded, ally target, about 30% to evade your +6 trident)
You hit the ice devil but do no damage.
The ice devil is moderately wounded.
Your water moccasin closely misses the ice devil.
The ice devil hits you.
* * * LOW HITPOINT WARNING * * *
The ice devil freezes you!!
* * * LOW HITPOINT WARNING * * *
You block the ice devil's attack.
Your dream sheep bites the ice devil but does no damage.
As the sheep sparkle and sway, the ice devil falls asleep.
The hell hound closely misses your dream sheep.
Your water moccasin bites the ice devil but does no damage.
The ice devil hits you.
You die...
Your body crumbles into a pile of gold.

## ≈≈≈
≈≈§§#############
§≈.....#........# ♣♣♣
§....§§#§.8.8...#
♣♣..
.._.$§§$hY.#.8..#
♣...
.......#§4#.8...#
♣...
.......#.S@8.#..#
♣♣..
########Y48.#...# ♣♣.
......'...8.8).# ♣.
..8...#........#♣ ♣♣
......#########'♣♣♣♣♣
♣ +#### ♣♣♣.♣♣.♣♣ ♣
♣♣♣.......♣♣ ♣♣ .
♣♣♣....♣♣♣...♣♣♣. k.♣
♣♣...♣♣♣♣ ♣♣♣♣..♣.


You could see 2 ice devils, a hell hound, a friendly water moccasin (summoned)
and 2 friendly dream sheep.

Vanquished Creatures
  The ghost of WaxSun the Fighter, a journeyman DjCj of Elyvilon (Lair:5)
  The ghost of Tosithia the Geomancer, a journeyman GrEE of Vehumet (Lair:4)
  Josephine (D:10)
  Harold (D:10)
  5 hydras
  A boulder beetle (D:11)
  3 death yaks (Lair:5)
  A sun demon (Lair:6)
  A wizard (Lair:6)
  An oklob plant (Lair:4)
  Maurice (D:9)
  Joseph (D:7)
  4 elephants
  6 black mambas
  20 cane toads
  2 orange demons (Lair:6)
  2 gargoyles (D:10)
  Maggie (D:8)
  4 rime drakes
  Psyche (D:10)
  13 komodo dragons
  An unseen horror (D:11)
  An ice devil (Lair:6)
  A hellwing (Lair:6)
  3 polar bears
  A hornet (D:9)
  7 dream sheep
  5 blink frogs
  4 wraiths (D:10)
  Eustachio (D:5)
  50 yaks
  2 wyverns
  2 fire elementals (Lair:4)
  4 basilisks
  6 vampire mosquitoes (D:11)
  Grum (D:9)
  4 nagas (Lair:4)
  3 steam dragons
  2 acid dragons
  Duvessa (D:7)
  20 water moccasins
  3 hell hounds (Lair:6)
  2 ice beasts
  7 orc warriors
  A sky beast (D:5)
  5 black bears
  4 necrophages
  2 ogres
  9 wolves
  6 centaurs
  2 kobold brigands
  14 bullfrogs
  2 scorpions
  2 wyvern zombies (D:7)
  3 water moccasin zombies (D:5)
  2 gnoll sergeants
  Dowan (D:7)
  A water moccasin skeleton (D:4)
  7 electric eels
  12 wights
  A howler monkey (D:11)
  2 bullfrog zombies
  4 centaur zombies
  A hound (D:4)
  A jelly (D:5)
  7 orc priests
  2 bullfrog skeletons (D:5)
  2 centaur skeletons
  4 iguanas
  Ijyb (D:3)
  11 orc wizards
  Natasha (thrice) (D:2)
  5 hell rats
  A hound zombie (D:5)
  Robin (D:2)
  8 gnolls
  4 howler monkey zombies
  2 howler monkey skeletons (D:7)
  9 adders
  An ufetubus (D:7)
  An adder skeleton (D:4)
  3 worms
  2 dart slugs
  39 orcs
  6 bats
  12 endoplasms
  5 giant cockroaches
  10 goblins
  11 hobgoblins
  7 jackals
  3 quokkas
  8 ball pythons
  3 frilled lizards
  23 kobolds
  7 rats
  A butterfly (Lair:1)
486 creatures vanquished.

Vanquished Creatures (others)
  76 fungi
  86 plants
162 creatures vanquished.

Grand Total: 648 creatures vanquished

Notes
Turn   | Place    | Note
-------+----------+-------------------------------------------
     0 | D:1      | quokkamancerX the Ogre Ice Elementalist began the quest for
                  | the Orb.
     0 | D:1      | Reached XP level 1. HP: 16/16 MP: 3/3
   445 | D:1      | Reached XP level 2. HP: 23/24 MP: 3/6
   838 | D:1      | Found a faded altar of an unknown god.
  1077 | D:1      | Reached XP level 3. HP: 30/31 MP: 6/8
  1698 | D:2      | Reached XP level 4. HP: 35/39 MP: 5/10
  1905 | D:2      | Identified the -6 helmet "Remil" {rElec Dex+2}
  1905 | D:2      | Noticed Robin
  2033 | D:1      | Learned a level 3 spell: Frozen Ramparts
  2037 | D:1      | Learned a level 3 spell: Ozocubu's Armour
  2043 | D:2      | Reached skill level 5 in Spellcasting
  2143 | D:2      | Found an ornate altar of the Wu Jian Council.
  2165 | D:2      | Killed Robin
  2602 | D:2      | Noticed Natasha
  2609 | D:2      | Killed Natasha
  2610 | D:2      | Reached XP level 5. HP: 45/45 MP: 7/12
  2895 | D:2      | Found an ornate altar of the Wu Jian Council.
  3245 | D:2      | Noticed Natasha
  3260 | D:2      | Killed Natasha
  3336 | D:2      | Noticed Natasha
  3347 | D:2      | Killed Natasha
  3569 | D:3      | Noticed Ijyb
  3599 | D:3      | Killed Ijyb
  3600 | D:3      | Reached skill level 5 in Ice Magic
  3692 | D:3      | Reached XP level 6. HP: 53/53 MP: 10/13
  4206 | D:3      | Noticed an ice beast
  4244 | D:3      | Noticed an acid dragon
  4244 | D:3      | an ice beast changed into an acid dragon
  4249 | D:3      | Killed an acid dragon
  4250 | D:3      | Reached XP level 7. HP: 41/59 MP: 14/14
  4414 | D:3      | Identified the +1 leather armour of Daffodils {+Blink rPois
                  | Dex+3}
  4802 | D:3      | Found a shadowy altar of Dithmenos.
  5447 | D:4      | Identified the +1 whip "Hydraslayer" {protect, rElec rC-
                  | Int+2}
  6373 | D:4      | Found a glowing silver altar of Zin.
  6375 | D:4      | Found an ornate altar of the Wu Jian Council.
  6377 | D:4      | Found a burning altar of Makhleb.
  6488 | D:5      | Entered Level 5 of the Dungeon
  6978 | D:5      | Noticed Eustachio
  7006 | D:5      | Killed Eustachio
  7007 | D:5      | Reached XP level 8. HP: 59/67 MP: 15/15
  8282 | D:5      | Reached skill level 10 in Ice Magic
  8394 | D:5      | Reached XP level 9. HP: 67/74 MP: 16/16
 10831 | D:7      | Noticed Duvessa
 10831 | D:7      | Noticed Dowan
 10838 | D:7      | Killed Dowan
 10841 | D:7      | Killed Duvessa
 11515 | D:7      | Reached skill level 1 in Fighting
 11516 | D:7      | HP: 3/67 [wight/+3 flail of freezing (1)]
 11863 | D:7      | Reached skill level 2 in Fighting
 12045 | D:7      | Reached skill level 3 in Fighting
 12108 | D:7      | Reached skill level 4 in Fighting
 12289 | D:7      | Reached skill level 5 in Fighting
 12289 | D:7      | Reached XP level 10. HP: 57/90 MP: 17/17
 12442 | D:7      | Learned a level 4 spell: Hailstorm
 12581 | D:7      | Noticed Joseph
 12593 | D:7      | Reached skill level 6 in Fighting
 12857 | D:7      | Killed Joseph
 12858 | D:7      | Reached skill level 7 in Fighting
 13117 | D:7      | Found a staircase to the Ecumenical Temple.
 13420 | Temple   | Entered the Ecumenical Temple
 13576 | Temple   | Became a worshipper of Gozag Ym Sagoz the Greedy
 13609 | D:7      | Reached skill level 8 in Fighting
 14196 | D:8      | Reached skill level 9 in Fighting
 14518 | D:8      | Reached skill level 10 in Fighting
 14555 | D:8      | Noticed Maggie
 14615 | D:8      | Killed Maggie
 14728 | D:8      | Found a transporter.
 14812 | D:8      | Found a transporter.
 15224 | D:9      | Noticed Grum
 15231 | D:9      | Reached skill level 1 in Shields
 15233 | D:9      | Killed Grum
 15450 | D:9      | Reached skill level 11 in Fighting
 15641 | D:9      | Noticed a kobold demonologist
 16256 | D:9      | Paralysed by a hornet for 3 turns
 16496 | D:9      | Noticed Maurice
 16509 | D:9      | Killed Maurice
 16510 | D:9      | Reached XP level 11. HP: 123/123 MP: 18/18
 16777 | D:10     | Entered Level 10 of the Dungeon
 16832 | D:10     | Noticed Psyche
 16837 | D:10     | Killed Psyche
 16838 | D:10     | Reached skill level 12 in Fighting
 17140 | D:10     | Found a hazy altar of Hepliaklqana.
 17142 | D:10     | Found a shimmering altar of Xom.
 17327 | D:10     | Noticed Harold
 17356 | D:10     | Killed Harold
 17357 | D:10     | Reached skill level 5 in Shields
 18054 | D:10     | Noticed Josephine
 18074 | D:10     | Killed Josephine
 19154 | D:11     | HP: 5/123 [vampire mosquito (5)]
 19596 | D:11     | Reached XP level 12. HP: 81/133 MP: 25/25
 19811 | D:11     | Reached skill level 13 in Fighting
 20267 | D:11     | Noticed a seven-headed hydra
 20279 | D:11     | Killed a seven-headed hydra
 20447 | D:11     | Reached skill level 14 in Fighting
 20507 | D:11     | Found a staircase to the Lair.
 21205 | D:11     | Identified a scroll of acquirement
 21209 | Lair:1   | Entered Level 1 of the Lair of Beasts
 21309 | Lair:1   | Reached skill level 15 in Fighting
 21325 | Lair:1   | HP: 7/141 [bullfrog (4)]
 21346 | Lair:1   | HP: 7/141 [bullfrog (7)]
 21575 | D:11     | Noticed a boulder beetle
 21798 | D:11     | Killed a boulder beetle
 22088 | Lair:1   | Reached skill level 16 in Fighting
 22419 | Lair:1   | Found an iron altar of Okawaru.
 23089 | Lair:1   | Reached skill level 17 in Fighting
 23194 | Lair:1   | Acquired a book of Ice
 23893 | Lair:2   | Reached skill level 1 in Conjurations
 24660 | Lair:2   | Noticed a six-headed hydra
 24678 | Lair:2   | Killed a six-headed hydra
 24679 | Lair:2   | Reached XP level 13. HP: 72/158 MP: 20/26
 24933 | Lair:2   | Found a staircase to the Shoals.
 25491 | Lair:2   | Reached skill level 18 in Fighting
 26833 | Lair:3   | Reached skill level 5 in Conjurations
 28353 | Lair:4   | Found a transporter.
 28356 | Lair:4   | Found a transporter.
 28364 | Lair:4   | Noticed Tosithia's ghost (journeyman GrEE)
 28758 | Lair:4   | Found a staircase to the Snake Pit.
 29747 | Lair:4   | Killed Tosithia's ghost
 30980 | Lair:5   | Reached skill level 10 in Spellcasting
 30983 | Lair:5   | Reached XP level 14. HP: 143/169 MP: 24/28
 31277 | Lair:5   | Found a runed translucent door.
 31279 | Lair:5   | Noticed WaxSun's ghost (journeyman DjCj)
 31308 | Lair:5   | Killed WaxSun's ghost
 31313 | Lair:5   | Identified the +2 quarterstaff "Plog" {vorpal, Dex+2}
 32004 | Lair:6   | Entered Level 6 of the Lair of Beasts
 33011 | Lair:6   | Learned a level 5 spell: Freezing Cloud
 34385 | Lair:6   | Found a burning altar of Makhleb.
 34428 | Lair:6   | HP: 1/169 [ice devil (19)]
 34428 | Lair:6   | Slain by an ice devil

Illustrated notes

Levels and vault maps discovered:
D:1:      sevenhm_arrival_forest_fort_small_4, layout_loops_ring, serial_forest,
          infiniplex_forest_lined_room_, infiniplex_forest_diagonal,
          infiniplex_forest_clump_double, infiniplex_forest_zigzag_2,
          infiniplex_forest_corner_2, infiniplex_forest_clump_small,
          infiniplex_forest_clump_cross, nicolae_ecumenical_lake_church
D:2:      layout_loops_ring, basic_altar, uniq_robin, uniq_natasha
D:3:      layout_basic, nicolae_dithmenos_through_a_glass_darkly, uniq_ijyb
D:4:      layout_layer_cave, grunt_temple_overflow_diamond, serial_forest,
          infiniplex_forest_straight_5, infiniplex_forest_straight_1,
          infiniplex_forest_clump_cross, infiniplex_forest_clump_curved,
          infiniplex_forest_clump_double, infiniplex_forest_straight_4,
          infiniplex_forest_end_2, small_statue_intersection
D:5:      layout_layer_cave, uniq_eustachio
D:6:      nicolae_BIG_FREAKIN_CUBE, layout_layer_cave, serial_glass,
          glass_columns_b, glass_columns_c, glass_columns_a, glass_columns_a,
          glass_columns_a, glass_columns_a, glass_columns_a, glass_columns_a,
          glass_columns_c, glass_columns_b, glass_columns_c, glass_columns_a,
          glass_columns_c, glass_columns_c
D:7:      layout_basic, minmay_temple_entry_crystal_x, uniq_joseph, uniq_duvessa
D:8:      gammafunk_steamed_eel, layout_cave_pools, uniq_maggie
D:9:      layout_cave_pods, minivault_27, uniq_grum, uniq_maurice
D:10:     layout_basic, regret_index_temple_of_mockery, uniq_josephine,
          uniq_psyche, uniq_harold
D:11:     layout_stronghold, due_lair_maze_entry_diamond
Temple:   regret_index_temple_sphere_string
Lair:1:   layout_roguey, basic_altar, grunt_megastairs_1, lemuel_fruit_fields
Lair:2:   layout_cave_pods, elwin_shoals_entry_rocks, disabler_island
Lair:3:   layout_hall_layers, st_stairs_4, minmay_hedge_maze,
          minmay_stone_trees_medium
Lair:4:   layout_gridlike, minmay_snake_entry_guardpost_small,
          nzn_ghost_randoct, grunt_megastairs_4
Lair:5:   layout_gridlike, gammafunk_ghost_grave
Lair:6:   evil_forest, layout_cave_pods, dpeg_slime_entry_corner,
          grunt_megastairs_2

Skill      XL: |  1  2  3  4  5  6  7  8  9 10 11 12 13 14 |
---------------+-------------------------------------------+-----
Spellcasting   | 3 4 5 9 10 12 | 12.0
Ice Magic      | 4 5 6 8 10 12 13 | 13.1
Fighting       | 5 11 12 17 18 | 18.0
Shields        | 3 6 |  6.0
Conjurations   | 2 9 |  9.0
Dodging        | |  1.7
Stealth        | |  1.4

Action                   |  1- 3 |  4- 6 |  7- 9 | 10-12 | 13-15 || total
-------------------------+-------+-------+-------+-------+-------++-------
Melee: Unarmed           |     4 |    12 |       |       |       ||    16
       Short sword       |    17 |       |       |       |       ||    17
       Falchion          |    14 |    72 |    19 |       |       ||   105
       Whip              |       |       |   124 |       |       ||   124
       Punch             |       |       |     6 |     2 |       ||     8
       Trident           |       |       |   125 |   323 |   271 ||   719
 Cast: Freeze            |    40 |    24 |    53 |    93 |    89 ||   299
       Frozen Ramparts   |       |    10 |    34 |    66 |    69 ||   179
       Ozocubu's Armour  |       |     6 |    23 |    43 |    40 ||   112
       Hailstorm         |       |       |       |    22 |     7 ||    29
       Freezing Cloud    |       |       |       |       |     4 ||     4
Invok: Potion Petition   |       |       |       |     1 |       ||     1
Evoke: Wand              |       |     1 |    18 |     4 |     8 ||    31
  Use: Scroll            |       |     3 |     8 |     6 |     7 ||    24
 Stab: Sleeping          |     1 |     1 |     2 |     1 |     2 ||     7
       Distracted        |       |       |       |     1 |       ||     1
Armor: Robe              |    21 |     9 |    25 |   268 |   206 ||   529
       Animal skin       |       |    27 |   208 |       |       ||   235
       Skin              |       |     4 |       |     3 |       ||     7
Dodge: Dodged            |    38 |    68 |   267 |   299 |   212 ||   884
Block: Kite shield       |       |       |       |   199 |   194 ||   393
